 Dungeon Crawl Stone Soup version 0.27-a0-1137-g3ef0f4ec91 (webtiles) character file.

Game seed: 14222421180061041598

982 Mgcat the Fighter (level 8, -1/93 HPs)
             Began as an Ogre Hunter on May 6, 2021.
             Was a Believer of Okawaru.
             Slain by an orc priest
             ... wielding a +0 short sword
              (6 damage)
             ... on level 4 of the Dungeon.
             The game lasted 00:09:10 (5817 turns).

Mgcat the Fighter (Ogre Hunter)                     Turns: 5817, Time: 00:09:11

Health: -1/93      AC:  3    Str: 19    XL:     8   Next: 17%
Magic:  10/10      EV:  9    Int: 12    God:    Okawaru [**....]
Gold:   182        SH:  0    Dex:  9    Spells: 7/7 levels left

rFire    . . .     SeeInvis .   h - +0 falchion
rCold    . . .     Faith    .   (no shield)
rNeg     . . .     Spirit   .   b - +0 robe
rPois    .         Reflect  .   (helmet restricted)
rElec    .         Harm     .   (no cloak)
rCorr    .         Rampage  .   (gloves unavailable)
Will     .....                  (boots unavailable)
Stlth    +.........             (no amulet)
HPRegen  0.25/turn              (no ring)
MPRegen  0.12/turn              (no ring)

@: hasted, very quick
A: large, unfitting armour, tough skin 1
a: Renounce Religion, Heroism


You were on level 4 of the Dungeon.
You worshipped Okawaru.
Okawaru was pleased with you.
You visited 1 branch of the dungeon, and saw 4 of its levels.

You collected 212 gold pieces.
You spent 30 gold pieces at shops.

Inventory:

Hand Weapons
 h - a +0 falchion (weapon)
   (You bought it in a shop on level 2 of the Dungeon)
Missiles
 c - 5 large rocks (quivered) {!d}
 d - 2 throwing nets {=f, !d}
Armour
 b - a +0 robe (worn)
Magical Staves
 u - a staff of death {rN+}
   (You found it on level 4 of the Dungeon)
Scrolls
 i - 2 scrolls of teleportation {unknown}
 j - 3 scrolls of identify {unknown}
 k - a scroll of vulnerability {unknown}
 l - a scroll of holy word {unknown}
 m - a scroll of noise {unknown}
 q - a scroll of enchant armour {unknown}
 r - a scroll of acquirement {unknown}
 s - a scroll of blinking {unknown}
 t - a scroll of fog {unknown}
Potions
 a - a potion of brilliance {unknown}
 g - a potion of mutation {unknown}
 n - 2 potions of lignification {!q}


   Skills:
 + Level 9.8 Fighting
 * Level 9.1 Long Blades
 + Level 8.4 Throwing
 - Level 1.7 Dodging
 - Level 0.6 Stealth
 - Level 3.0 Invocations


You had 7 spell levels left.
You didn't know any spells.
Your spell library was empty.

Dungeon Overview and Level Annotations

Branches:
Dungeon (4/15)
 Temple: D:4-7

Altars:
Okawaru

Shops:
D:2 (


Innate Abilities, Weirdness & Mutations

You are too large for most types of armour.
You have tough skin. (AC +1)


Message History

Spoiler Alert: The orc priest can smite you!
The orc priest hits you with a +0 short sword.
* * * LOW HITPOINT WARNING * * *
Things that are here:
a +0 short sword; 22 stones; a +4 dagger You take 3 damage, and have 21/72 hp.
You hit the orc priest.
The orc priest is lightly wounded.
The orc priest hits you with a +0 short sword.
* * * LOW HITPOINT WARNING * * *
You hear some strange, mumbled words.
A puff of flame appears from out of thin air!
The puff of flame hits you!
* * * LOW HITPOINT WARNING * * *
You take 14 damage, and have 7/72 hp.
Spoiler Alert: The orc priest can smite you!
You miss something.
The orc priest hits you with a +0 short sword.
* * * LOW HITPOINT WARNING * * *
Something hits you.
* * * LOW HITPOINT WARNING * * *
You take 2 damage, and have 5/72 hp.
Spoiler Alert: The orc priest can smite you!
Unknown command.
Unknown command.
It was a potion of ambrosia.
You are confused.
You feel invigorated. Something hits you.
* * * LOW HITPOINT WARNING * * *
The orc priest barely misses you.
You regained 2 hp, and now have 7/72 hp.
MP restored: 9 Spoiler Alert: The orc priest can smite you!
It was a potion of experience.
You feel more experienced!
Your base Fighting skill gained 4 levels and is now at level 9!
Your base Long Blades skill gained 6 levels and is now at level 9!
Your base Throwing skill gained 3 levels and is now at level 8!
You have reached level 8!
The orc priest barely misses you. Something hits you.
* * * LOW HITPOINT WARNING * * *
You regained 6 hp, and now have 13/93 hp.
MP restored: 10 Spoiler Alert: The orc priest can smite you!
It was a potion of curing.
You feel better.
You feel less invigorated.
The orc priest hits you with a +0 short sword.
* * * LOW HITPOINT WARNING * * *
Something hits you.
* * * LOW HITPOINT WARNING * * *
You regained 3 hp, and now have 16/93 hp.
Spoiler Alert: The orc priest can smite you!
Okay, then.
Unknown command.
Unknown command.
Unknown command.
Unknown command.
Unknown command.
Spoiler Alert: The orc priest can smite you!
It was a potion of haste.
You feel yourself speed up.
You hear some strange, mumbled words.
A puff of flame appears from out of thin air!
The puff of flame misses you.
You barely miss something. Your punch misses something.
Unknown command.
Spoiler Alert: The orc priest can smite you!
Unknown command.
Unknown command.
You hit something. Something hits you.
* * * LOW HITPOINT WARNING * * *
Unknown command.
Unknown command.
Spoiler Alert: The orc priest can smite you!
You closely miss something. You hit something but do no damage.
You miss something. Something hits you but does no damage.
You slash something! You slash something! Okawaru accepts your kill.
Reactivating autopickup.
You feel a bit more experienced.
Spoiler Alert: The orc priest can smite you!
You barely miss the orc priest. You closely miss the orc priest.
You feel like a meek peon again.
You barely miss the orc priest. The orc priest barely misses you.
You hit the orc priest but do no damage.
The orc priest hits you with a +0 short sword!
* * * LOW HITPOINT WARNING * * *
You take 7 damage, and have 9/93 hp.
Spoiler Alert: The orc priest can smite you!
You closely miss the orc priest. You barely miss the orc priest.
The orc priest hits you with a +0 short sword.
* * * LOW HITPOINT WARNING * * *
You take 4 damage, and have 5/93 hp.
You hit the orc priest but do no damage.
Spoiler Alert: The orc priest can smite you!
You closely miss the orc priest.
The orc priest hits you with a +0 short sword.
You die...

.......##...####.# ##....
.......##...#.. ..### ......
...............# ...##.....#
............#...##.........#
......รท###..##.............##
....#...##.###........#.....
....#....#.# #............#
......#....# ##.##..#.....#
.#.........### #@###.#.....###
<##....##..#.###o###..##.....#
.##........o.#.#o............#
.............o......##.......#
...........###..###.....##...#
.#.##..##...#####
###...##...#### ..##.####.#.>
#..###.....#.. .....## ###.#
###..##......... ......##
#..### #...###.........


You could see an orc priest and an orc.

Vanquished Creatures
  Sigmund (D:4)
  A hound (D:4)
  A centaur skeleton (D:4)
  2 iguanas
  2 orc wizards
  5 adders
  2 ufetubi
  A worm (D:3)
  11 dart slugs
  13 orcs
  3 ball pythons
  3 bats
  5 endoplasms
  2 giant cockroaches (D:2)
  5 goblins
  7 hobgoblins
  8 jackals
  4 kobolds
  3 quokkas
  8 frilled lizards
  5 rats
92 creatures vanquished.

Vanquished Creatures (others)
  An orc wizard (D:3)
1 creature vanquished.

Grand Total: 93 creatures vanquished

Notes
Turn   | Place    | Note
-------+----------+-------------------------------------------
     0 | D:1      | Mgcat the Ogre Hunter began the quest for the Orb.
     0 | D:1      | Reached XP level 1. HP: 22/22 MP: 1/1
   113 | D:1      | Reached skill level 3 in Fighting
   166 | D:1      | Reached XP level 2. HP: 26/31 MP: 2/2
   358 | D:1      | Found a faded altar of an unknown god.
   541 | D:1      | Became a worshipper of Warmaster Okawaru
   541 | D:1      | Reached * piety under Okawaru
   796 | D:1      | Reached XP level 3. HP: 39/39 MP: 3/3
  1184 | D:2      | Found Turuon's Weapon Shoppe.
  1315 | D:2      | Bought a +0 falchion for 30 gold pieces
  1658 | D:2      | Reached skill level 1 in Invocations
  1659 | D:2      | Reached skill level 4 in Fighting
  1660 | D:2      | Reached skill level 1 in Long Blades
  1660 | D:2      | Reached XP level 4. HP: 39/48 MP: 4/4
  2442 | D:3      | HP: 9/48 [worm (12)]
  2444 | D:3      | HP: 3/48 [worm (6)]
  3055 | D:3      | HP: 8/48 [iguana (8)]
  3055 | D:3      | HP: 2/48 [iguana (6)]
  3057 | D:3      | Reached XP level 5. HP: 2/54 MP: 6/6
  3543 | D:3      | Reached skill level 2 in Long Blades
  3747 | D:3      | Reached skill level 2 in Invocations
  4102 | D:4      | Noticed Sigmund
  4366 | D:4      | Reached skill level 5 in Throwing
  4366 | D:4      | Reached XP level 6. HP: 55/63 MP: 7/7
  4762 | D:3      | HP: 15/63 [poisoned by an adder]
  4767 | D:3      | HP: 11/63 [poisoned by an adder]
  5381 | D:4      | Killed Sigmund
  5381 | D:4      | Reached ** piety under Okawaru
  5382 | D:4      | Reached skill level 5 in Fighting
  5382 | D:4      | Reached skill level 3 in Long Blades
  5382 | D:4      | Reached XP level 7. HP: 25/72 MP: 6/9
  5588 | D:4      | Reached skill level 3 in Invocations
  5796 | D:4      | HP: 15/72 [orc priest/+0 short sword (6)]
  5796 | D:4      | HP: 7/72 [something/puff of flame (8)]
  5799 | D:4      | Reached skill level 9 in Fighting
  5799 | D:4      | Reached skill level 9 in Long Blades
  5799 | D:4      | Reached skill level 8 in Throwing
  5799 | D:4      | Reached XP level 8. HP: 9/93 MP: 10/10
  5804 | D:4      | HP: 16/93 [something (1)]
  5813 | D:4      | HP: 9/93 [orc priest/+0 short sword (8)]
  5817 | D:4      | Slain by an orc priest

Illustrated notes

Levels and vault maps discovered:
D:1:      shiori_shiawase, layout_basic, ebering_ecumenical_altar_hall,
          minmay_misc_feat_tower
D:2:      layout_basic, serial_shops, nicolae_shop_stone
D:3:      kennysheep_slugbush, layout_basic
D:4:      layout_cave_pools, uniq_sigmund

Skill      XL: |  1  2  3  4  5  6  7 |
---------------+----------------------+-----
Fighting       | 3 4 5 9 |  9.8
Invocations    | 1 2 3 |  3.0
Long Blades    | 1 2 3 9 |  9.1
Throwing       | 5 8 |  8.4
Dodging        | |  1.7
Stealth        | |  0.6

Action                   |  1- 3 |  4- 6 |  7- 9 || total
-------------------------+-------+-------+-------++-------
Melee: Short sword       |    83 |       |       ||    83
       Falchion          |    58 |   181 |    35 ||   274
       Hand axe          |     4 |       |       ||     4
       Unarmed           |       |    17 |       ||    17
Invok: Heroism           |       |     2 |     1 ||     3
  Use: Potion            |       |     1 |     4 ||     5
 Stab: Sleeping          |       |     2 |       ||     2
Armor: Robe              |    46 |    56 |     3 ||   105
       Skin              |       |    25 |       ||    25
Dodge: Dodged            |   111 |   114 |    11 ||   236
       Rpst.: Falchion   |    24 |    24 |     2 ||    50

Table legend: (Time is in decaauts)
 A = Elapsed time spent in this place.
 B = Non-inter-level travel time spent in this place.
 C = Inter-level travel time spent in this place.
 D = Time resting spent in this place.
 E = Time spent auto-exploring this place.
 F = Levels seen in this place.
 G = Mean time per level.
                   A        B        C        D        E       F      G
               +--------+--------+--------+--------+--------+-----+--------+
         Total |   5891 |   5586 |    305 |   2736 |   1971 |   4 | 1472.8 |
       Dungeon |   5891 |   5586 |    305 |   2736 |   1971 |   4 | 1472.8 |
               +--------+--------+--------+--------+--------+-----+--------+

Top non-repeatable levels by time:
     D:3: 2716 daAuts
     D:1: 1256 daAuts
     D:2: 1199 daAuts
     D:4: 718 daAuts

Table legend:
 A = Kills in this place as a percentage of kills in entire the game.
 B = Kills by you in this place as a percentage of kills by you in the entire game.
 C = Kills by friends in this place as a percentage of kills by friends in the entire game.
 D = Other kills in this place as a percentage of other kills in the entire game.
 E = Experience gained in this place as a percentage of experience gained in the entire game.
 F = Experience gained in this place divided by the number of levels of this place that you have seen.
                   A       B       C       D       E      F
               +-------+-------+-------+-------+-------+----------------------
         Total | 100.0 | 100.0 |   N/A | 100.0 | 100.0 | 184.5
       Dungeon | 100.0 | 100.0 |   N/A | 100.0 | 100.0 | 184.5
               +-------+-------+-------+-------+-------+----------------------
